 Dungeon Crawl Stone Soup version 0.29-a0-845-g6161e89988 (webtiles) character file.

Game seed: 15387531888228628615

106 spaghetti the Insei (level 4, 0/32 HPs)
             Began as a Demonspawn Transmuter on July 16, 2022.
             Was a Believer of Cheibriados.
             Slain by a ball python (2 damage)
             ... on level 3 of the Dungeon.
             The game lasted 00:04:06 (3278 turns).

spaghetti the Insei (Demonspawn Transmuter)         Turns: 3278, Time: 00:04:07

Health: 0/32       AC:  3    Str: 20    XL:     4   Next: 55%
Magic:  6/7        EV: 12    Int: 21    God:    Cheibriados [**....]
Gold:   128        SH:  0    Dex: 17    Spells: 1/7 levels left

rFire   . . .      SeeInvis .     - Unarmed
rCold   . . .      Faith    .   (no shield)
rNeg    . . .      Spirit   .   a - +0 robe
rPois   .          Reflect  .   p - +0 helmet
rElec   .          Harm     .   (no cloak)
rCorr   .          Rampage  .   (no gloves)
Will    .....                   (no boots)
Stlth   ++........              (no amulet)
HPRegen 0.10/turn               q - +6 ring of strength
MPRegen 0.20/turn               u - ring of wizardry

@: wereblooded, very slow
A: magic regeneration, sturdy frame 1
a: Renounce Religion, Bend Time


You were on level 3 of the Dungeon.
You worshipped Cheibriados.
Cheibriados was pleased with you.
You visited 1 branch of the dungeon, and saw 3 of its levels.

You collected 156 gold pieces.
You spent 28 gold pieces at shops.


Innate Abilities, Weirdness & Mutations

You regenerate magic rapidly.
Your movements are slightly less encumbered by armour. (ER -2)


   Skills:
 - Level 1.0 Fighting
 - Level 1.7 Dodging
 + Level 4.2 Unarmed Combat
 - Level 2.0 Spellcasting
 + Level 2.9 Transmutations


You had one spell level left.
You knew the following spells:

 Your Spells              Type           Power      Damage    Failure   Level
a - Beastly Appendage     Tmut           28%        N/A       1%          1
b - Wereblood             Tmut           14%        N/A       2%          2
c - Spider Form           Tmut/Pois      8%         N/A       10%         3

Your spell library contained the following spells:

 Spells                   Type           Power      Damage    Failure   Level
 Call Canine Familiar     Summ           2%         N/A       17%         3
 Portal Projectile        Hex/Tloc       4%         N/A       17%         3
 Ice Form                 Ice/Tmut       8%         N/A       32%         4
 Leda's Liquefaction      Hex/Erth       1%         N/A       47%         4

Inventory:

Hand Weapons
 c - a +0 sling
   (You found it on level 1 of the Dungeon)
 d - a +0 club {mace}
   (You took it off a goblin on level 1 of the Dungeon)
Missiles
 l - 19 stones {throwing}
 s - 12 poisoned darts {throwing}
Armour
 a - a +0 robe (worn)
 p - a +0 helmet (worn)
   (You found it on level 2 of the Dungeon)
Jewellery
 q - a +6 ring of strength (left hand)
   (You found it on level 2 of the Dungeon)
 u - a ring of wizardry (right hand)
   (You found it on level 3 of the Dungeon)
Scrolls
 h - 4 scrolls of teleportation {@r4}
 i - a scroll of noise {!r}
 n - a scroll of poison {!r}
 o - a scroll of blinking {!r}
 t - 2 scrolls of magic mapping {!r}
Potions
 b - a potion of lignification {!q}
 j - a potion of haste {unknown}
 k - a potion of invisibility {unknown}
 m - 2 potions of curing {unknown}
 r - a potion of might {unknown}

Dungeon Overview and Level Annotations

Branches:
Dungeon (3/15) Zot: 22752

Altars:
Cheibriados

Shops:
D:3

? .# ####.....#..#.#.......
## #....g......#..<......
#.##..##.##...........
******,*##.##.###..........
***,,,,,,*#..##.#
##.........
****,,,******#..##.#
##........ **,,,,***
#..##.# ##....... ,,,****
#..##.# *,...,,,, **,,*
#.@.#.# *,,,,>,,, ,**,*
*#.#S..# *,,,,,,,, ,,,,*
*#..*..##****,,,,,,,, ,,,,*
*#g..,....,,,,,,,,,,,,
_,,,*
#g..#*..###****,,,,,,,
,,,,* ####**### **,,,,,*
,,,,* ******* ,,,,* *****


You could see 3 gnolls and a ball python.


Message History

You hit the hobgoblin.
You kill the hobgoblin!
Cheibriados thoroughly appreciates the change of pace.
No target in view!
No target in view!
No target in view!
No target in view!
No target in view!
No target in view!
No target in view!
You see here a hobgoblin corpse.
A giant cockroach is nearby!
A giant cockroach is nearby!
You hit the giant cockroach. The giant cockroach misses you.
You hit the giant cockroach but do no damage.
The giant cockroach barely misses you.
You hit the giant cockroach but do no damage.
The giant cockroach closely misses you.
The giant cockroach bites you but does no damage.
You hit the giant cockroach.
You kill the giant cockroach!
Cheibriados appreciates the change of pace.
No target in view!
No target in view!
No target in view!
No target in view!
No target in view!
No target in view!
You see here a giant cockroach corpse.
A gnoll comes into view. It is wielding a +0 club.
A gnoll is nearby!
A gnoll is nearby!
A gnoll comes into view. It is wielding a +0 spear.
A gnoll comes into view. It is wielding a +0 club.
The gnoll shouts!
You closely miss the gnoll. The gnoll hits you but does no damage.
You hit the gnoll. Your punch misses the gnoll. The gnoll barely misses you.
You closely miss the gnoll. You closely miss the gnoll.
The gnoll hits you from afar with a +0 spear. 😕 HP[-5]
You take 5 damage, and now have 27/32 hp.
You are too injured to fight recklessly!
You are too injured to fight recklessly!
You are too injured to fight recklessly!
You are too injured to fight recklessly!
You are too injured to fight recklessly!
You are too injured to fight recklessly!
You are too injured to fight recklessly!
You are too injured to fight recklessly!
You are too injured to fight recklessly!
You are too injured to fight recklessly!
You are too injured to fight recklessly!
You are too injured to fight recklessly!
You are too injured to fight recklessly!
You are too injured to fight recklessly!
You are too injured to fight recklessly!
You are too injured to fight recklessly!
You are too injured to fight recklessly!
Unknown command.
Casting: Beastly Appendage (safe; 1% risk of failure)
Confirm with . or Enter, or press ? or * to list all spells.
Your blood is infused with primal strength.
The gnoll closely misses you.
The gnoll hits you from afar with a +0 spear! 😮 HP[-9] MP[-2]
You take 9 damage, and now have 18/32 hp.
MASSIVE DAMAGE!! (PAUSE)
You lost 2 mp, and now have 5/7 mp.
Unknown command.
The gnoll shouts!
You hit the gnoll but do no damage. The gnoll hits you with a +0 club.
* * * LOW HITPOINT WARNING * * *
The gnoll hits you from afar with a +0 spear.
* * * LOW HITPOINT WARNING * * *
😱 HP[-10]
You take 10 damage, and now have 8/32 hp.
MASSIVE DAMAGE!! (PAUSE) Unknown command.
Okay, then.
A ball python comes into view.
The gnoll closely misses you. The gnoll misses you.
The gnoll hits you with a +0 club.
* * * LOW HITPOINT WARNING * * *
The gnoll hits you with a +0 spear.
* * * LOW HITPOINT WARNING * * *
The ball python moves out of view. 😱 HP[-7]
You take 7 damage, and now have 1/32 hp.
MASSIVE DAMAGE!! (PAUSE)
As you read the scroll of fear, it crumbles to dust.
You assume a fearsome visage.
The gnoll looks frightened! x3 😱 HP[+1] MP[+1]
The ball python hisses angrily.
The ball python barely misses you. The ball python closely misses you.
The ball python bites you but does no damage.
The ball python closely misses you.
You see here a +1 pair of gloves.
You barely miss the ball python. The ball python bites you.
You die...

Skill      XL: |  1  2  3 |
---------------+----------+-----
Unarmed Combat | 3 4 |  4.2
Transmutations | 2 |  2.9
Fighting       | |  1.0
Dodging        | |  1.7
Spellcasting   | |  2.0

Action                   |  1- 3 |  4- 6 || total
-------------------------+-------+-------++-------
Melee: Unarmed           |   123 |    25 ||   148
       Punch             |     1 |     1 ||     2
       Kick              |     9 |       ||     9
       Headbutt          |     5 |       ||     5
 Cast: Beastly Appendage |     9 |       ||     9
       Wereblood         |     4 |     1 ||     5
       Spider Form       |     1 |       ||     1
  Use: Scroll            |       |     7 ||     7
       Potion            |       |     1 ||     1
 Stab: Sleeping          |     1 |       ||     1
Armor: Robe              |    35 |     5 ||    40
       Skin              |     2 |       ||     2
Dodge: Dodged            |    87 |    14 ||   101

Levels and vault maps discovered:
D:1:      amcnicky_arrival_wind_blow, layout_loops_ring, basic_ecumenical_altar,
          minmay_misc_feat_doors
D:2:      layout_basic
D:3:      layout_rooms, fiery_altar_vehumet, serial_shops,
          nicolae_shop_statue_plus

Notes
Turn   | Place    | Note
-------+----------+-------------------------------------------
     0 | D:1      | spaghetti the Demonspawn Transmuter began the quest for the
                  | Orb.
     0 | D:1      | Reached XP level 1. HP: 15/15 MP: 3/3
     0 | D:1      | magus.rc [v1.9.6]
   169 | D:1      | Reached skill level 3 in Unarmed Combat
   395 | D:1      | Gained mutation: You regenerate magic rapidly. [demonic
                  | ancestry]
   395 | D:1      | Reached XP level 2. HP: 20/21 MP: 5/5
   807 | D:1      | Found a faded altar of an unknown god.
   966 | D:1      | Prayed at the altar of an unknown god.
   966 | D:1      | Became a worshipper of Cheibriados the Contemplative
   966 | D:1      | Reached * piety under Cheibriados
  1041 | D:1      | Learned a level 2 spell: Wereblood
  1597 | D:2      | Reached skill level 2 in Transmutations
  1648 | D:2      | Gained mutation: Your movements are slightly less
                  | encumbered by armour. (ER -2) [demonic ancestry]
  1648 | D:2      | Reached XP level 3. HP: 24/26 MP: 4/6
  1652 | D:2      | Learned a level 3 spell: Spider Form
  1696 | D:2      | HP: 6/26 [poisoned by an adder]
  2531 | D:3      | HP: 6/26 [ufetubus (5)]
  2545 | D:3      | HP: 3/26 [orc/+0 falchion (5)]
  2547 | D:3      | Reached skill level 4 in Unarmed Combat
  2844 | D:3      | Reached ** piety under Cheibriados
  2973 | D:3      | Reached XP level 4. HP: 13/32 MP: 4/7
  2976 | D:3      | HP: 8/32 [constriction (1)]
  3164 | D:3      | Found Fohazxuw's Magic Scroll Boutique.
  3173 | D:3      | Bought a scroll of identify for 28 gold pieces
  3193 | D:3      | You pick up a book of the Hunter and begin reading...
  3193 | D:3      | You add the spells Call Canine Familiar, Portal Projectile
                  | and Leda's Liquefaction to your library.
  3273 | D:3      | HP: 8/32 [gnoll/+0 spear (6)]
  3274 | D:3      | HP: 1/32 [gnoll/+0 spear (4)]
  3278 | D:3      | Slain by a ball python

Vanquished Creatures
  An orc priest (D:3)
  2 adders (D:2)
  An ufetubus (D:3)
  4 orcs (D:3)
  5 ball pythons
  An endoplasm (D:1)
  5 giant cockroaches
  4 goblins
  5 hobgoblins
  2 quokkas
  6 bats
  5 frilled lizards
  4 kobolds
  3 rats
48 creatures vanquished.

Table legend:
 A = Non-vault XP
 B = Vault XP
 C = Vault XP percentage of total XP
 D = Non-vault monster count
 E = Vault monster count
 F = Vault count percentage of total count
                 A         B        C        D         E       F
            +---------+---------+-------+---------+---------+-------
      Total |     152 |       0 |   0.0 |      48 |       0 |   0.0
            +---------+---------+-------+---------+---------+-------
        D:1 |      25 |       0 |   0.0 |      15 |       0 |   0.0
        D:2 |      46 |       0 |   0.0 |      13 |       0 |   0.0
        D:3 |      81 |       0 |   0.0 |      20 |       0 |   0.0
            +---------+---------+-------+---------+---------+-------

Illustrated notes

Table legend:
 A = Kills in this place as a percentage of kills in entire the game.
 B = Kills by you in this place as a percentage of kills by you in the entire game.
 C = Kills by friends in this place as a percentage of kills by friends in the entire game.
 D = Other kills in this place as a percentage of other kills in the entire game.
 E = Experience gained in this place as a percentage of experience gained in the entire game.
 F = Experience gained in this place divided by the number of levels of this place that you have seen.
                   A       B       C       D       E      F
               +-------+-------+-------+-------+-------+----------------------
         Total | 100.0 | 100.0 |   N/A |   N/A | 100.0 |  50.7
       Dungeon | 100.0 | 100.0 |   N/A |   N/A | 100.0 |  50.7
               +-------+-------+-------+-------+-------+----------------------

Table legend: (Time is in decaauts)
 A = Elapsed time spent in this place.
 B = Non-inter-level travel time spent in this place.
 C = Inter-level travel time spent in this place.
 D = Time resting spent in this place.
 E = Time spent auto-exploring this place.
 F = Levels seen in this place.
 G = Mean time per level.
                   A        B        C        D        E       F      G
               +--------+--------+--------+--------+--------+-----+--------+
         Total |   3767 |   3523 |    244 |      0 |   3143 |   3 | 1255.7 |
       Dungeon |   3767 |   3523 |    244 |      0 |   3143 |   3 | 1255.7 |
               +--------+--------+--------+--------+--------+-----+--------+

Top non-repeatable levels by time:
     D:2: 1622 daAuts
     D:1: 1321 daAuts
     D:3: 823 daAuts
